 Dungeon Crawl Stone Soup version 0.30-a0-760-g5a9884bb7c (webtiles) character file.

Game seed: 18311920159161267631

37 Leeroy the Slasher (level 3, -1/18 HPs)
             Began as a Vine Stalker Warper on Feb 11, 2023.
             Slain by a goblin
             ... wielding a +0 dagger
             ... led by Robin
              (2 damage)
             ... on level 2 of the Dungeon.
             The game lasted 00:01:40 (1139 turns).

Leeroy the Slasher (Vine Stalker Warper)            Turns: 1139, Time: 00:01:40

Health: -1/18      AC:  3    Str: 19    XL:     3   Next: 39%
Magic:  0/7        EV: 11    Int: 13    God:
Gold:   103        SH:  0    Dex: 15    Spells: 6/6 levels left

rFire   . . .      SeeInvis .    a - +0 falchion
rCold   + . .      Faith    .    (no shield)
rNeg    . . .      Spirit   +    b - +0 leather armour
rPois   .          Reflect  .    (no helmet)
rElec   .          Harm     .    (no cloak)
rCorr   .          Rampage  .    (no gloves)
Will    .....                    (no boots)
Stlth   +                        (no amulet)
HPRegen 0.23/turn                o - +6 ring of strength
MPRegen 0.10/turn                l - ring of protection from cold

@: no status effects
A: fangs 2, magic shield, antimagic bite, no potion heal 2
a: no special abilities


You were on level 2 of the Dungeon.
You visited 1 branch of the dungeon, and saw 2 of its levels.

You collected 103 gold pieces.

Inventory:

Hand Weapons
 a - a +0 falchion (weapon)
Missiles
 d - 7 boomerangs of dispersal (quivered)
 n - 2 poisoned darts
 p - 2 boomerangs
Armour
 b - a +0 leather armour (worn)
Magical Staves
 j - a staff of earth
Jewellery
 l - a ring of protection from cold (right hand)
 o - a +6 ring of strength (left hand)
Scrolls
 c - a scroll of blinking
 e - a scroll of brand weapon {unknown}
 f - a scroll of teleportation {unknown}
 h - a scroll of identify {unknown}
 k - a scroll of amnesia {unknown}
 m - a scroll of poison {unknown}
 r - a scroll of butterflies {unknown}
Potions
 g - a potion of flight {unknown}
 i - a potion of curing {unknown}
 q - a potion of lignification {unknown}


   Skills:
 - Level 1.7 Fighting
 + Level 3.3 Long Blades
 - Level 0.8 Throwing
 - Level 0.7 Armour
 - Level 1.5 Dodging
 - Level 2.1 Spellcasting
 - Level 3.0 Translocations


You had 6 spell levels left.
You didn't know any spells.
Your spell library contained the following spells:

 Spells                   Type           Power      Damage    Failure   Level
 Blink                    Tloc           18%        N/A       13%         2
 Lesser Beckoning         Tloc           18%        N/A       13%         2
 Teleport Other           Tloc           9%         N/A       26%         3
 Cigotuvi's Dreadful Rot  Necr/Pois/Air  2%         N/A       41%         2
 Poisonous Vapours        Pois/Air       2%         N/A       41%         2
 Vhi's Electric Charge    Tloc/Air       10%        N/A       43%         3
 Dazzling Flash           Conj/Hex       2%         N/A       65%         3
 Mephitic Cloud           Conj/Pois/Air  1%         N/A       65%         3
 Manifold Assault         Tloc           9%         N/A       65%         4
 Agony                    Necr           1%         N/A       100%        5
 Silence                  Hex/Air        0%         N/A       100%        5


Dungeon Overview and Level Annotations

Branches:
Dungeon (2/15)

Altars:

Shops:
D:2 !

Annotations:
D:2 Robin


Innate Abilities, Weirdness & Mutations

You have extremely sharp teeth.
When hurt, damage is shared between your health and your magic reserves.
Your bite disrupts and absorbs the magic of your enemies.
Potions cannot restore your health.


Message History

The hobgoblin shouts!
Robin of the Strong Arm comes into view.
They are wielding a +0 falchion.
You closely miss the goblin.
Robin shouts!
The goblin hits you with a +0 dagger.
You slash the hobgoblin!
You kill the hobgoblin!
The goblin hits you but does no damage.
You slash Robin! You bite Robin, but do no damage.
Robin is heavily wounded.
Robin throws the goblin at you! The goblin hits you with a +0 dagger.
The goblin misses you.
Robin roars a battlecry!
The goblins go into a battle-frenzy!
The goblin barely misses you. The goblin completely misses you.
You hit Robin.
Robin is heavily wounded.
Robin hits you with a +0 falchion! The goblin barely misses you.
The goblin hits you but does no damage.
You barely miss Robin.
Robin is heavily wounded.
Robin hits you with a +0 falchion. The goblin misses you.
The goblin hits you but does no damage.
You are too injured to fight recklessly!
You are too injured to fight recklessly!
You hit Robin but do no damage.
Robin is heavily wounded.
Robin throws the goblin at you! The goblin closely misses you.
The goblin hits you but does no damage.
You hit Robin but do no damage.
Robin is heavily wounded.
Robin hits you with a +0 falchion.
* * * LOW HITPOINT WARNING * * *
The goblin closely misses you. The goblin hits you with a +0 dagger.
* * * LOW HITPOINT WARNING * * *
You closely miss the goblin. Your bite misses the goblin. Robin misses you.
The goblin hits you with a +0 club.
* * * LOW HITPOINT WARNING * * *
The goblin hits you with a +0 dagger.
You die...

### .. #. ###
####g##########.##
#....@g..........#
#...#g##########.##
## ... ##.######
.....##.###
#...#....
#.#.###.....#
#........ . #.
##.....# #........
# #...⌠..##
###...♣.♣ #.......#
#.....♣. #.......#
#...♣♣..


You could see Robin and 2 goblins.

Vanquished Creatures
  2 worms (D:2)
  2 ball pythons
  An endoplasm (D:2)
  A giant cockroach (D:1)
  5 goblins (D:2)
  5 hobgoblins
  A kobold (D:2)
  2 quokkas (D:1)
  4 bats
  2 frilled lizards
  A rat (D:1)
26 creatures vanquished.

Vanquished Creatures (others)
  20 plants (D:1)
20 creatures vanquished.

Grand Total: 46 creatures vanquished

Notes
Turn   | Place    | Note
-------+----------+-------------------------------------------
     0 | D:1      | Leeroy the Vine Stalker Warper began the quest for the Orb.
     0 | D:1      | Reached XP level 1. HP: 11/11 MP: 4/4
   329 | D:1      | Reached XP level 2. HP: 9/15 MP: 3/6
  1022 | D:2      | Reached XP level 3. HP: 17/18 MP: 7/7
  1079 | D:2      | Found Punofup's Distillery.
  1131 | D:2      | Noticed Robin
  1139 | D:2      | Slain by a goblin

Illustrated notes

Levels and vault maps discovered:
D:1:      roderic_crop_circles_arrival_small, layout_basic
D:2:      layout_loops_cross, serial_shops, shop, solitary_fountain,
          chequers_garden, minmay_misc_feat_rows, uniq_jessica, uniq_robin

Skill      XL: |  1  2 |
---------------+-------+-----
Long Blades    | 2 3 |  3.3
Fighting       | |  1.7
Throwing       | |  0.8
Armour         | |  0.7
Dodging        | |  1.5
Spellcasting   | |  2.1
Translocations | |  3.0

Action                     || total
---------------------------++-------
  Melee: Falchion          ||    91
         Bite              ||    17
         Punch             ||     1
   Stab: Sleeping          ||     2
 Armour: Leather armour    ||    31
  Dodge: Dodged            ||    77

Table legend: (Time is in decaauts)
 A = Elapsed time spent in this place.
 B = Non-inter-level travel time spent in this place.
 C = Inter-level travel time spent in this place.
 D = Time resting spent in this place.
 E = Time spent auto-exploring this place.
 F = Levels seen in this place.
 G = Mean time per level.
                   A        B        C        D        E       F      G
               +--------+--------+--------+--------+--------+-----+--------+
         Total |   1152 |   1134 |     18 |      0 |    923 |   2 |  576.0 |
       Dungeon |   1152 |   1134 |     18 |      0 |    923 |   2 |  576.0 |
               +--------+--------+--------+--------+--------+-----+--------+

Top non-repeatable levels by time:
     D:1: 843 daAuts
     D:2: 309 daAuts
